General information
- name: BNet
- type: Ladder team game (AT/RT)
- host: Battle.net
- saver: dirtmcwordup
map: TwistedMeadows
- players: 4
- length: 05:25
- speed: Fast
- version: 1.21 W3XP
- replay type:

» download(31 KB)
Players
team 1 (winner)
dirtmcwordup (
red | 80 APM | 432 actions | 05:25)
2 Demon Hunter
1 Mana Burn
1 Evasion
» actions
| Assign group hotkey | 8 | |
| Basic commands | 18 | |
| Build / train | 24 | |
| Enter build submenu | 8 | |
| Enter hero's abilities submenu | 2 | |
| Right click | 184 | |
| Select / deselect | 79 | |
| Select group hotkey | 89 | |
| Use ability | 20 | |
432 total
» units
» buildings
| Altar of Elders | 1 | |
| Moon Well | 3 | |
| Ancient of War | 3 | |
| Tree of Ages | 1 | |
8 total
» build order
00:08 Altar of Elders
00:16 Moon Well
01:05 Ancient of War
02:03 Ancient of War
02:21 Ancient of War
02:33 Moon Well
03:48 Tree of Ages
04:50 Moon Well
mata. (
teal | 138 APM | 748 actions | 05:25)
1 Far Seer
1 Feral Spirit
» actions
| Assign group hotkey | 85 | |
| Basic commands | 5 | |
| Build / train | 17 | |
| Enter build submenu | 7 | |
| Enter hero's abilities submenu | 1 | |
| Right click | 412 | |
| Select / deselect | 165 | |
| Select group hotkey | 30 | |
| Use ability | 26 | |
748 total
» units
» buildings
| Altar of Storms | 1 | |
| Orc Burrow | 3 | |
| Barracks | 1 | |
| Stronghold | 2 | |
| Voodoo Lounge | 1 | |
8 total
» build order
00:04 Altar of Storms
00:21 Orc Burrow
00:58 Orc Burrow
02:02 Barracks
04:36 Stronghold
04:53 Voodoo Lounge
04:56 Orc Burrow
team 2 (loser)
LAPOPO (
blue | 103 APM | 449 actions | 04:20)
1 Demon Hunter
1 Mana Burn
» actions
| Assign group hotkey | 1 | |
| Basic commands | 22 | |
| Build / train | 30 | |
| ESC pressed | 7 | |
| Enter build submenu | 8 | |
| Enter hero's abilities submenu | 1 | |
| Remove unit from queue | 5 | |
| Right click | 200 | |
| Select / deselect | 138 | |
| Select group hotkey | 1 | |
| Use ability | 36 | |
449 total
» units
» buildings
| Altar of Elders | 1 | |
| Moon Well | 2 | |
| Ancient of War | 4 | |
7 total
» build order
00:07 Altar of Elders
00:19 Moon Well
00:22 Moon Well
01:02 Ancient of War
01:50 Ancient of War
02:37 Ancient of War
03:35 Ancient of War
Muertico-z (
pink | 82 APM | 443 actions | 05:24)
1 Death Knight
1 Death Coil
» actions
| Assign group hotkey | 6 | |
| Basic commands | 66 | |
| Build / train | 16 | |
| ESC pressed | 8 | |
| Enter build submenu | 11 | |
| Enter hero's abilities submenu | 1 | |
| Right click | 152 | |
| Select / deselect | 137 | |
| Select group hotkey | 26 | |
| Use ability | 20 | |
443 total
» units
| Acolyte | 2 | |
| Ghoul | 6 | |
| Crypt Fiend | 3 | |
11 total
» buildings
| Altar of Darkness | 2 | |
| Ziggurat | 2 | |
| Tomb of Relics | 1 | |
| Crypt | 1 | |
| Graveyard | 2 | |
8 total
» build order
00:17 Altar of Darkness
00:19 Altar of Darkness
00:24 Ziggurat
00:41 Tomb of Relics
00:53 Crypt
01:22 Graveyard
01:32 Graveyard
02:01 Ziggurat
» items
| Rod of Necromancy | 1 | |
| Dust of Appearance | 1 | |
2 total
Chat log
(00:17 / Allies) mata.: only 1 of us can be right
(00:25 / Allies) dirtmcwordup: lg hf
(00:41 / Allies) mata.: sweet.
(01:24 / Allies) mata.: haha, this game.
(01:30 / Allies) dirtmcwordup: send more worker
(01:35 / Allies) dirtmcwordup: also should have oput it in anti aow spot
(01:36 / Allies) mata.: i yam
(01:37 / Allies) mata.: what i yam
(01:43 / Allies) mata.: iwill next time but
(02:16 / Allies) dirtmcwordup: yeah you got me up there
(04:23 / Allies) dirtmcwordup: haha
(04:45 / Allies) mata.: ud is gonna keep trying
(04:47 / Allies) mata.: manner expand
(04:56 / Allies) dirtmcwordup: insufficient gold
(05:01 / Allies) mata.: hm a tp
(05:08 / Allies) mata.: haha dead dk